 Dungeon Crawl Stone Soup version 0.14-a0-1266-g856eec9 (webtiles) character file.

157 4tharraofdagon the Chopper (level 4, 0/38 HPs)
             Began as a Demigod Gladiator on Dec 3, 2013.
             Succumbed to a kobold's poison
             ... on Level 3 of the Dungeon.
             The game lasted 00:06:39 (1038 turns).

4tharraofdagon the Chopper (Demigod Gladiator)      Turns: 1038, Time: 00:06:39

HP   0/38        AC  6     Str 20      XL: 4   Next: 17%
MP   7/7         EV 11     Int 13      God:
Gold 62          SH  0     Dex 16      Spells:  0 memorised,  3 levels left

rFire  . . .     SeeInvis .     a - +0 hand axe
rCold  . . .     Clarity  .     g - +0 ring mail
rNeg   . . .     Conserve .     (no shield)
rPois  .         rCorr    .     c - +0 helmet (curse)
rElec  .         rRot     .     (no cloak)
SustAb . .       Spirit   .     (no gloves)
rMut   .         Warding  .     (no boots)
Saprov . . .     Stasis   .     n - cursed amulet of inaccuracy {unknown}
                                (no ring)
                                d - ring of flight

@: mildly poisoned, slightly resistant to hostile enchantments, very unstealthy
A: no striking features
a: Evoke Flight


You were on level 3 of the Dungeon.
You were hungry.

You visited 1 branch of the dungeon, and saw 4 of its levels.

You collected 62 gold pieces.

Inventory:

Hand weapons
 a - a +0,+0 hand axe (weapon)
 p - a +0 blowgun
Missiles
 e - a throwing net [torn] (quivered)
 l - a throwing net [frayed]
 q - 10 poisoned needles
 s - a throwing net [torn]
Armour
 b - a +0 leather armour
 c - a cursed +0 helmet (worn)
 g - a +0 ring mail (worn)
Comestibles
 f - 2 bread rations
 j - a meat ration
 m - a pear
Jewellery
 d - a ring of flight (left hand)
 h - an uncursed amulet of warding {unknown}
 k - an uncursed ring of fire
 n - a cursed amulet of inaccuracy (around neck) {unknown}
Potions
 i - 3 potions of brilliance
 o - a potion of beneficial mutation {unknown}
 r - a potion of paralysis {unknown}


   Skills:
 + Level 3.5 Fighting
 * Level 5.2 Axes
 - Level 1.7 Throwing
 + Level 2.9 Armour
 + Level 4.0 Dodging


You had 3 spell levels left.
You didn't know any spells.

Dungeon Overview and Level Annotations

Branches:
Dungeon (4/16)
 Temple: D:4-7

Annotations:
D:4 Ijyb


Message History

p - an uncursed blowgun;
q - 10 poisoned needles
* * * LOW HITPOINT WARNING * * *
You feel sick.
Found 2 potions of brilliance.
Found a stone staircase leading up.
Found a stone staircase leading down.
As you open the door, it creaks loudly!
* * * LOW HITPOINT WARNING * * *
You feel sick.
* * * LOW HITPOINT WARNING * * *
You feel sick.
* * * LOW HITPOINT WARNING * * *
You feel sick.
* * * LOW HITPOINT WARNING * * *
You feel sick.
* * * LOW HITPOINT WARNING * * *
You feel sick.
* * * LOW HITPOINT WARNING * * *
You feel sick.
i - 3 potions of brilliance (gained 2)
You die...

############
#..........#
####.....@....#
#.............#
#.............#
####.............#
#.#####........).#
.....><..........#
#.#
#.###.#..........#
#.# #.# #
#..........# #.#
#.# #..........#


There were no monsters in sight!

Vanquished Creatures
  A scorpion (D:4)
  An adder (D:3)
  2 giant geckos
  A ball python (D:1)
  5 bats
  4 goblins
  A hobgoblin (D:3)
  3 quokkas
  A giant cockroach (D:3)
  4 giant newts
  2 jackals (D:1)
  7 kobolds
  7 rats
39 creatures vanquished.

Notes
Turn   | Place    | Note
--------------------------------------------------------------
     0 | D:1      | 4tharraofdagon, the Demigod Gladiator, began the quest for the Orb.
     0 | D:1      | Reached XP level 1. HP: 17/17 MP: 2/2
    86 | D:1      | Daniel: jesus, why this combo? :D
    86 | D:1      | 4tharraofdagon: idk
    86 | D:1      | Daniel: oh exp :O
    86 | D:1      | 4tharraofdagon: it is so awsome
    86 | D:1      | Reached skill level 3 in Fighting
    86 | D:1      | Reached skill level 5 in Axes
    86 | D:1      | Reached XP level 2. HP: 23/26 MP: 3/3
   227 | D:1      | Daniel: play mfbe
   242 | D:1      | Daniel: they are so good
   246 | D:1      | Reached XP level 3. HP: 20/31 MP: 5/5
   322 | D:2      | Daniel: you can go dodge right from start, superb weapon apt, good fighting
   329 | D:2      | Daniel: good invo
   350 | D:2      | Daniel: for makhleb later on
   374 | D:2      | Daniel: fast in water
   411 | D:2      | Daniel: what else would you want?
   850 | D:4      | HP: 1/31 [poisoned by a scorpion]
   858 | D:4      | HP: 1/31 [poisoned by a scorpion]
   891 | D:4      | Reached XP level 4. HP: 14/38 MP: 7/7
   913 | D:4      | Noticed Ijyb
   966 | D:3      | Found a sparkling altar of Nemelex Xobeh.
  1037 | D:3      | HP: 1/38 [poisoned by a kobold]
  1038 | D:3      | Succumbed to a kobold's poison

Action                   |  1- 3 |  4- 6 || total
-------------------------+-------+-------++-------
Melee: Hand axe          |   178 |     9 ||   187
Throw: Throwing net      |     9 |       ||     9
  Use: Potion            |     7 |       ||     7
       Scroll            |     1 |     2 ||     3
 Stab: Held in net/web   |     5 |       ||     5
